 Dungeon Crawl Stone Soup version bcrawl-1.40.2 (webtiles) character file.

Game seed: 17594772867654480539

9870279 zoran the Warrior (level 20, -24/240 HPs)
             Began as a Red Draconian Monk on Nov 4, 2023.
             Was the Champion of Hepliaklqana.
             Annihilated by a rockslime (32 damage)
             ... on level 2 of the Depths.
             The game lasted 02:04:31 (40793 turns).

zoran the Warrior (Red Draconian Monk)             Turns: 40793, Time: 02:04:31

Health: -24/240    AC: 30    Str: 27    XL:     20   Next: 26%
Magic:  0/33       EV:  1    Int: 12    God:    Hepliaklqana [******]
Gold:   873        SH: 18    Dex: 16    Spells: 32/38 levels left

rFire    . . .     GDR:     47% y - +7 demon trident (flame)
rCold    + . .     SeeInvis +   j - +5 medium shield of the Equator {Str+5 Dex-2}
rNeg     + + +     Gourm    .   (armour unavailable)
rPois    +         Faith    .   (helmet currently unavailable)
rElec    .         Spirit   +   (cloak currently unavailable)
rCorr    .         Reflect  .   (gloves currently unavailable)
MR       +++..     NoTele   +   (boots currently unavailable)
Stlth    +++++.....             c - amulet of guardian spirit
HPRegen  0.50/turn              b - ring of protection from cold
MPRegen  0.23/turn              q - ring of Diorah {MR++ SInv Stlth++}

@: mighty, tree-form, very slightly contaminated
A: giant, (breathe fire), unfitting armour, reduced essence, AC +10
}: 2/15 runes: decaying, barnacled
a: Recall Ancestor, Ancestor Identity, Transference, Incarnate, Renounce
Religion


You were on level 2 of the Depths.
You worshipped Hepliaklqana.
Hepliaklqana was exalted by your worship.
You were hungry.
You were a tree.
You visited 9 branches of the dungeon, and saw 32 of its levels.
You visited 1 bazaar.
You also visited: Ice Cave and Volcano.

You collected 3617 gold pieces.
You spent 2744 gold pieces at shops.

Inventory:

Hand Weapons
 a - the +9 lance "Wyrmbane" {slay drac, rPois rF+ rC+ AC+3}
   (You acquired it on level 1 of the Depths)

   It affects your AC (+3).
   It protects you from fire.
   It protects you from cold.
   It protects you from poison.
 y - a +7 demon trident of flaming (weapon)
 F - a +0 blowgun
Missiles
 m - 935 javelins
 x - 215 poisoned tomahawks (quivered)
 B - 88 curare-tipped needles
 G - 11 throwing nets {=f}
 J - 600 poisoned needles
Armour
 j - the +5 medium shield of the Equator (worn) {Str+5 Dex-2}
   (You bought it in a shop on level 10 of the Dungeon)

   It affects your strength (+5).
   It affects your dexterity (-2).
 o - a +2 pair of gloves of archery (melded)
 s - the -2 hat of the Alchemist (melded) {rElec rPois rF+ rC+ rN+ MR+ rMut rCorr}
   (You found it on level 2 of the Depths)

   It protects you from fire.
   It protects you from cold.
   It insulates you from electricity.
   It protects you from poison.
   It protects you from negative energy.
   It affects your resistance to hostile enchantments.
   It provides partial protection from all sources of acid and corrosion.
   It protects you from mutation.
 W - a +2 cloak of cold resistance (melded)
Jewellery
 b - a ring of protection from cold (left branch)
 c - an amulet of guardian spirit (around neck)
 q - the ring of Diorah (right branch) {MR++ SInv Stlth++}
   (You bought it in a shop in the Orcish Mines)

   [ring of stealth]

   It affects your resistance to hostile enchantments.
   It lets you see invisible.
   It makes you much more stealthy.
 v - an uncursed ring of positive energy
 M - an uncursed ring of poison resistance
Wands
 w - a wand of disintegration (20)
 A - a wand of flame (50)
 H - a wand of charming (13)
 P - a wand of acid (6)
 T - a wand of polymorph (34)
 V - a wand of digging (18)
 X - a wand of iceblast (33)
Scrolls
 d - 22 scrolls of remove curse
 f - 5 scrolls of fear
 h - 5 scrolls of fog
 k - a scroll of immolation
 p - 6 scrolls of teleportation
 t - 2 scrolls of summoning
 u - a scroll of vulnerability
 z - a scroll of revelation
 D - a scroll of torment
 N - a scroll of silence
 O - 2 scrolls of enchant weapon
Potions
 g - 3 potions of magic
 n - 4 potions of mutation
 E - 6 potions of haste
 I - 3 potions of might
 K - 5 potions of brilliance
 L - a potion of heal wounds
 R - 4 potions of lignification
 S - 3 potions of curing
Miscellaneous
 l - a phial of floods (inert)
 C - a lightning rod (4/4)
 Z - a lamp of fire
Comestibles
 e - 46 rations {!d}


   Skills:
 - Level 15.0 Fighting
 - Level 13.6(14.0) Polearms
   Level 5.0(10.3) Staves
 - Level 10.0 Throwing
 - Level 15.0 Dodging
 - Level 5.0 Stealth
 - Level 15.0 Shields
 + Level 9.5 Spellcasting
 - Level 5.0 Charms
 - Level 5.0 Necromancy
 + Level 4.4 Air Magic
 - Level 12.0 Invocations
 - Level 12.0 Evocations


You had 32 spell levels left.
You knew the following spells:

 Your Spells              Type           Power        Failure   Level  Hunger
s - Swiftness             Chrm/Air       ###.....     11%         2    None
t - Regeneration          Chrm/Necr      ###.......   19%         3    None
z - Infusion              Chrm           ###.....     6%          1    None

Your spell library contained the following spells:

 Spells                   Type           Power        Failure   Level  Hunger
 Corpse Rot               Necr           N/A          10%         2    None
 Song of Slaying          Chrm           ###.....     10%         2    None
 Poisonous Vapours        Pois/Air       ##....       28%         2    None
 Sting                    Conj/Pois      #...         43%         1    None
 Ozocubu's Armour         Chrm/Ice       ##......     45%         3    None
 Spectral Weapon          Hex/Chrm       ##......     45%         3    None
 Ignite Poison            Fire/Tmut/Pois #.......     82%         3    None
 Stone Arrow              Conj/Erth      #.....       82%         3    None
 Olgreb's Toxic Radiance  Pois           #........    99%         4    ##.....
 Summon Scorpions         Summ/Pois      #.......     99%         4    ##.....
 Tree Form                Hex/Tmut       N/A          99%         4    ##.....
 Summon Forest            Summ/Tloc      #.........   100%        5    ####...
 Venom Bolt               Conj/Pois      #.........   100%        5    ####...
 Poison Arrow             Conj/Pois      #.........   100%        6    #####..
 Summon Hydra             Summ           #.........   100%        6    #####..
 Haunt                    Necr/Summ      ##........   100%        7    #######
 Malign Gateway           Summ/Tloc      #.........   100%        7    #######
 Monstrous Menagerie      Summ           #.........   100%        7    #######
 Spellforged Servitor     Conj/Summ      #.........   100%        7    #######
 Summon Greater Demon     Summ           #.........   100%        7    #######
 Summon Horrible Things   Summ           #.........   100%        8    #######


Dungeon Overview and Level Annotations

Branches:
Dungeon (12/12)            Temple (1/1) D:4            Lair (6/6) D:8
  Swamp (3/3) Lair:4       Shoals (3/3) Lair:2        Slime (0/5) Orc
    Orc (1/1) D:10            Elf (0/3) Lair:5       Vaults (2/3) D:11
  Crypt (1/2) Vaults:1     Depths (3/5) D:12

Altars:
Ashenzari
Cheibriados
Dithmenos
Elyvilon
Fedhas
Gozag
Hepliaklqana
Kikubaaqudgha
Lugonu
Makhleb
Nemelex Xobeh
Okawaru
Qazlal
Ru
Sif Muna
Trog
Uskayaw
Vehumet
Wu Jian
Xom
Yredelemnul
Zin
The Shining One
Jiyva

Shops:
D:9 %   D:10 (}%[   Orc =??   Shoals:1 ?   Vaults:1 [   Vaults:2 *

Portals:
Hell: Depths:1 Depths:2
Ziggurat: Depths:1

Annotations:
Lair:4 2 transporters
Shoals:2 Bai Suzhen
Shoals:3 Ilsuiw
Vaults:1 1 runed translucent door, AxeAttX's ghost, adept MiBe
Vaults:2 Mara
Depths:1 1 runed door


Innate Abilities, Weirdness & Mutations

((You can breathe blasts of fire.))
((Your fiery red scales are hard. (AC +10)))
You cannot fit into any form of body armour.
((Your flesh is heat resistant. (rF+)))
((You are cold-blooded and may be slowed by cold attacks.))
Your life essence is reduced to manifest your ancestor. (-10% HP)


Message History

Your surroundings suddenly seem different.
Okay, then.
Really quaff the potion of lignification?
You turn into a tree.
Your +2 cloak of cold resistance melds into your body.
The -2 hat of the Alchemist {rElec rPois rF+ rC+ rN+ MR+ rMut rCorr} melds into your body.
Your +2 pair of gloves of archery melds into your body.
You feel less resistant to cold.
Your aim is not that steady anymore.
Your roots penetrate the ground.
You block the rockslime's attack. x2
Okay, then.
Evoke which item? (* to show all) (? for menu, Esc to quit)
Okay, then.
You hit the rockslime. You burn the rockslime.
The rockslime is severely damaged.
You block the rockslime's attack. The rockslime hits you!!
* * * LOW HITPOINT WARNING * * *
You puncture the rockslime! You burn the rockslime.
The rockslime is severely damaged.
The rockslime hits you!!
You die...

.....#########.##............###
###..# ####.##............#
###..######≈≈≈≈≈§≈≈≈.........#
............§≈≈≈≈≈§§.≈≈#.....#
.....###############.############
.###.#.............#.#.(..[......
.#...#.###########.#.#)##########
....≈#.# ####..#.#).#### .#.§≈#.#
###..♣..#.#.....### ...#≈#.#
##....J#.#.#.#.....## ####≈#.#
##........#.#........## #.#.#
#.........#.#.........#
#.#.###.........#.#..)......##
#.#.##....#...#.#.#.#...#....#
#.#.##..........#.#..........#
#.#.##..........#.#..........#
####.#)#...........#.#...........


You could see a rockslime.

Vanquished Creatures
  An Ice Fiend (IceCv)
  Polyphemus (Shoals:3)
  Donald (Shoals:1)
  2 vault wardens (Vaults:1)
  4 stone giants
  3 very ugly things
  3 ironheart preservers
  6 dire elephants (Vaults:1)
  A deep elf annihilator (Vaults:1)
  3 merfolk javelineers (Shoals:3)
  2 ettins (Depths:1)
  4 yaktaur captains
  2 fire dragons (Depths:1)
  4 merfolk impalers
  8 hydras
  Harold (Lair:1)
  A rakshasa (Vaults:2)
  An ice dragon (Depths:2)
  A spriggan air mage (Depths:2)
  A catoblepas (Shoals:3)
  A shambling mangrove (Swamp:2)
  A ghost crab (Swamp:2)
  An anaconda (Lair:6)
  4 ogre magi
  4 alligators
  6 deep troll shamans
  5 merfolk aquamancers
  10 death yaks
  5 deep troll earth magi
  7 sea snakes
  14 two-headed ogres
  A satyr (Shoals:2)
  2 tengu warriors
  A vampire mage (Depths:1)
  A spriggan berserker (Depths:2)
  2 ironheart beastmasters (Vaults:1)
  22 deep trolls
  19 centaur warriors
  4 iron trolls
  8 skeletal warriors (Vaults:1)
  A storm dragon skeleton (Vaults:1)
  6 spriggan druids
  A flayed ghost (Vaults:1)
  A deep elf archer (Vaults:1)
  3 unseen horrors (D:12)
  2 swamp dragons (shapeshifter) (Depths:2)
  2 wizards
  A wolf spider zombie (D:12)
  6 swamp dragons (Swamp:3)
  13 harpies
  2 ironheart convokers
  4 cyclopes
  3 deep elf magi
  A necromancer (Vaults:2)
  A harpy (shapeshifter) (Depths:2)
  A wolf spider (D:12)
  Pikel (D:4)
  A phantasmal warrior (Vaults:2)
  2 orc knights
  A tengu skeleton (Vaults:1)
  An orc sorcerer (Orc)
  13 ugly things
  9 manticores
  5 fauns
  An oklob plant (Lair:3)
  A salamander (Shoals:1)
  A sphinx skeleton (Vaults:1)
  A torpor snail (shapeshifter) (Vaults:1)
  3 water nymphs
  10 will-o'-wisps
  3 merfolk sirens
  13 cane toads
  4 vault sentinels
  4 black mambas
  11 elephants
  A torpor snail (Lair:2)
  A gargoyle (D:11)
  2 komodo dragons
  2 rime drakes
  26 yaktaurs
  5 anaconda simulacra (IceCv)
  An efreet (D:11)
  3 freezing wraiths (IceCv)
  3 ice devils (IceCv)
  Maurice (D:8)
  16 merfolk
  A troll (shapeshifter) (D:12)
  2 hornets
  A wolf spider simulacrum (IceCv)
  3 trolls
  A harpy skeleton (D:10)
  6 tyrant leeches
  5 snapping turtles
  9 polar bears (Lair:6)
  22 slime creatures
  3 blink frogs (Lair:2)
  8 hippogriffs
  A meliai zombie (D:12)
  A dream sheep (Shoals:3)
  5 bog bodies
  A raiju (shapeshifter) (D:11)
  A hippogriff (shapeshifter) (Depths:2)
  7 spriggans
  A shadow (Crypt:1)
  An ettin skeleton (Vaults:1)
  2 dire elephant simulacra (IceCv)
  2 wyverns
  3 wraiths
  42 yaks
  10 water elementals
  2 golden eyes (shapeshifter)
  A hungry ghost (D:9)
  A basilisk (shapeshifter) (Vaults:1)
  A death yak simulacrum (IceCv)
  22 vampire mosquitoes
  4 wargs
  6 swamp worms
  A swamp worm (shapeshifter) (Vaults:1)
  6 crocodiles
  A harpy simulacrum (IceCv)
  4 hydra simulacra (IceCv)
  Duvessa (D:7)
  7 swamp drakes
  5 water moccasins
  9 hell hounds (Lair:6)
  4 porcupines
  A cane toad skeleton (D:10)
  A meliai simulacrum (D:11)
  2 ettin simulacra (IceCv)
  12 orc warriors
  7 black bears
  A black bear (shapeshifter) (Depths:2)
  A sky beast (D:11)
  3 phantoms
  11 ogres
  14 boggarts
  20 wolves
  An ogre (shapeshifter) (Depths:2)
  8 bullfrogs
  2 gnoll sergeants
  A wyvern zombie (D:7)
  7 centaurs
  4 human skeletons (Vaults:1)
  Dowan (D:7)
  2 scorpions
  A water moccasin zombie (D:7)
  A battlemage (D:10)
  A hornet simulacrum (D:11)
  4 wights
  8 killer bees
  An elephant simulacrum (IceCv)
  A howler monkey (D:10)
  12 orc priests
  An electric eel (Lair:4)
  5 crimson imps
  A human simulacrum (Vaults:1)
  3 hounds
  2 draconian simulacra (IceCv)
  2 jellies
  A bullfrog skeleton (D:6)
  Crazy Yiuf (D:4)
  4 troll simulacra (IceCv)
  2 iguanas
  14 orc wizards
  3 hell rats (Lair:4)
  A worker ant (shapeshifter) (Depths:2)
  4 worker ants
  2 wolf simulacra (IceCv)
  A hound zombie (D:7)
  2 hound skeletons
  6 gnolls
  3 river rats (Lair:4)
  8 adders
  3 naga simulacra (IceCv)
  A shadow imp (D:6)
  6 white imps
  3 ufetubi (IceCv)
  2 centaur simulacra (IceCv)
  4 oozes
  An adder skeleton (D:4)
  An adder zombie (D:4)
  A worm (D:2)
  A worm (shapeshifter) (Depths:2)
  2 dart slugs
  4 leopard geckos
  74 orcs
  3 ball pythons
  6 goblins
  9 hobgoblins
  8 jackals
  16 kobolds
  6 quokkas
  4 bats
  7 frilled lizards
  A quokka skeleton (D:4)
  10 rats
  3 plants
945 creatures vanquished.

Vanquished Creatures (collateral kills)
  the Lernaean hydra (Swamp:3)
  A rockslime (Depths:3)
  A sphinx (Depths:1)
  An orc warlord (Orc)
  3 vault wardens
  5 very ugly things
  2 ironheart preservers (Vaults:1)
  3 jiangshi
  A dire elephant (Vaults:1)
  2 ettins
  2 merfolk impalers
  Urug (Lair:3)
  A merfolk javelineer (Shoals:1)
  A deep elf death mage (Depths:2)
  2 yaktaur captains
  2 fire dragons
  Fannar (D:10)
  2 vault guards (Vaults:2)
  An ice dragon (Depths:1)
  A rakshasa (Vaults:1)
  10 hydras
  2 ghost crabs
  2 spriggan air magi
  3 merfolk aquamancers
  5 two-headed ogres
  A death knight (Vaults:2)
  3 alligators (Swamp:3)
  A great orb of eyes (Depths:1)
  3 deep troll earth magi (Depths:1)
  2 deep troll shamans (Depths:2)
  4 sea snakes
  2 death yaks (Lair:6)
  An ironheart beastmaster (Vaults:1)
  3 ogre magi
  14 centaur warriors
  A goliath frog (Lair:6)
  A deep troll (Depths:1)
  A hell knight (Depths:3)
  A wizard (Vaults:2)
  2 swamp dragons (Swamp:2)
  2 spriggan druids
  A cyclops (D:12)
  A wolf spider (D:12)
  4 ironheart convokers
  3 harpies
  A mana viper (Shoals:2)
  2 orc sorcerers (Orc)
  2 manticores
  2 fauns (Shoals:2)
  4 ugly things
  3 merfolk sirens
  3 elephants
  2 will-o'-wisps (Swamp:3)
  2 water nymphs
  An ice statue (IceCv)
  A vault sentinel (Vaults:2)
  A black mamba (Lair:6)
  5 cane toads
  A rime drake (Lair:6)
  2 komodo dragons
  A freezing wraith (Vaults:2)
  10 yaktaurs
  3 ice devils (IceCv)
  7 merfolk
  A yaktaur skeleton (Vaults:1)
  6 hornets
  2 polar bears
  2 trolls
  A harpy skeleton (D:12)
  A wind drake (Shoals:3)
  5 tyrant leeches
  3 bog bodies
  4 blink frogs (Lair:6)
  A raiju (shapeshifter) (Vaults:1)
  5 slime creatures
  2 frost giant simulacra
  3 hippogriffs
  2 snapping turtles
  A dire elephant simulacrum (IceCv)
  A wyvern (D:9)
  11 water elementals
  2 wraiths
  A wyvern (shapeshifter) (Depths:3)
  6 spriggans
  Eustachio (D:6)
  22 yaks
  A basilisk (Lair:6)
  6 vampire mosquitoes
  3 crocodiles
  A human simulacrum (Vaults:1)
  7 swamp worms
  2 wargs (Lair:6)
  A crocodile (shapeshifter) (Vaults:2)
  2 water moccasins
  8 hell hounds (Lair:6)
  5 porcupines
  2 ice beasts (D:10)
  12 orc warriors
  2 sky beasts
  4 swamp drakes
  5 black bears (Lair:6)
  A soldier ant (shapeshifter) (Vaults:1)
  3 ogres
  8 wolves
  A boggart (Vaults:1)
  2 bullfrogs
  2 kobold brigands
  3 gnoll sergeants
  A human skeleton (Vaults:1)
  4 centaurs
  2 killer bees (D:8)
  5 wights
  4 orc priests
  A draconian simulacrum (IceCv)
  8 orc wizards
  A bullfrog skeleton (D:7)
  An iguana (D:7)
  3 worker ants
  4 gnolls
  An adder (D:7)
  An ufetubus (IceCv)
  2 adder skeletons
  15 orcs
  3 kobolds
  A goblin skeleton (Crypt:1)
  A fungus (D:8)
  6 plants
388 creatures vanquished.

Vanquished Creatures (others)
  3 very ugly things (Vaults:1)
  A dire elephant (Vaults:1)
  2 merfolk javelineers (Shoals:3)
  A merfolk avatar (Shoals:3)
  A hydra (Swamp:3)
  An alligator (Swamp:3)
  A centaur warrior (Vaults:1)
  A swamp dragon (Swamp:3)
  A wizard (Vaults:1)
  A cyclops (Vaults:1)
  A faun (Shoals:2)
  An ugly thing (Vaults:1)
  A yaktaur (Vaults:1)
  2 merfolk (Shoals:3)
  2 vampire mosquitoes (Swamp:3)
  A swamp drake (Swamp:3)
  4 boggarts (Vaults:1)
  An orc wizard (Orc)
  73 battlemagi
  A white imp (IceCv)
  14 fungi (Lair:6)
  42 plants
  A withered plant (Vaults:1)
157 creatures vanquished.

Grand Total: 1490 creatures vanquished

Notes
Turn   | Place    | Note
-------+----------+-------------------------------------------
     0 | D:1      | zoran the Draconian Monk began the quest for the Orb.
     0 | D:1      | Reached XP level 1. HP: 19/19 MP: 2/2
   236 | D:1      | Reached XP level 2. HP: 26/26 MP: 3/3
   492 | D:1      | Reached XP level 3. HP: 31/31 MP: 4/4
  1321 | D:2      | Reached XP level 4. HP: 40/40 MP: 3/5
  2016 | D:3      | Reached XP level 5. HP: 43/46 MP: 6/6
  2094 | D:3      | Reached skill level 5 in Staves
  2187 | D:3      | Reached skill level 1 in Polearms
  2561 | D:4      | Noticed a phantom
  2578 | D:3      | Reached XP level 6. HP: 17/53 MP: 3/7
  2816 | D:4      | Your scales start taking on a fiery red colour.
  2816 | D:4      | Reached XP level 7. HP: 41/60 MP: 6/8
  2816 | D:4      | Gained mutation: Your flesh is heat resistant. (rF+) [Red
                  | Draconian growth]
  2917 | D:4      | Reached skill level 5 in Fighting
  3051 | D:4      | Found a runed door.
  3155 | D:4      | Found a hide-covered altar of Uskayaw.
  3155 | D:4      | Found an ancient bone altar of Kikubaaqudgha.
  3156 | D:4      | Found a glowing golden altar of the Shining One.
  3156 | D:4      | Found a blossoming altar of Fedhas.
  3349 | D:4      | Noticed Crazy Yiuf
  3355 | D:4      | Killed Crazy Yiuf
  3431 | D:4      | Noticed Pikel
  3448 | D:4      | Killed Pikel
  3449 | D:4      | Reached skill level 5 in Dodging
  3449 | D:4      | Reached skill level 5 in Stealth
  3449 | D:4      | Reached XP level 8. HP: 53/68 MP: 7/9
  3576 | D:4      | Found a staircase to the Ecumenical Temple.
  3585 | D:4      | Reached skill level 1 in Throwing
  3593 | Temple   | Entered the Ecumenical Temple
  3691 | Temple   | Became a worshipper of Hepliaklqana the Forgotten
  3691 | Temple   | Reached * piety under Hepliaklqana
  3691 | Temple   | Reached ** piety under Hepliaklqana
  3692 | Temple   | Remembered your ancestor Amenemopet as a battlemage
  3731 | D:5      | Entered Level 5 of the Dungeon
  4988 | D:6      | Noticed Eustachio
  5000 | D:6      | Reached skill level 5 in Polearms
  5005 | D:6      | Killed Eustachio
  5030 | D:6      | Reached XP level 9. HP: 67/67 MP: 10/10
  5111 | D:6      | Reached *** piety under Hepliaklqana
  5541 | D:6      | Noticed a troll
  5546 | D:6      | Killed a troll
  5705 | D:7      | Found a shattered altar of Ashenzari.
  5750 | D:7      | Found a blossoming altar of Fedhas.
  5863 | D:7      | Reached skill level 5 in Throwing
  5865 | D:7      | Noticed Dowan
  5865 | D:7      | Noticed Duvessa
  5881 | D:7      | Killed Duvessa
  5884 | D:7      | Killed Dowan
  5989 | D:7      | Reached skill level 1 in Evocations
  6112 | D:7      | Noticed a red ugly thing
  6125 | D:7      | Killed a red ugly thing
  6187 | D:7      | Noticed a troll
  6204 | D:7      | Killed a troll
  6205 | D:7      | Reached XP level 10. HP: 75/75 MP: 12/12
  7102 | D:8      | Noticed Maurice
  7103 | D:8      | Reached **** piety under Hepliaklqana
  7121 | D:8      | Killed Maurice
  7244 | D:8      | Found a staircase to the Lair.
  7507 | Lair:1   | Entered Level 1 of the Lair of Beasts
  7636 | Lair:1   | Noticed Harold
  7664 | Lair:1   | Killed Harold
  7665 | Lair:1   | Reached skill level 5 in Invocations
  7817 | Lair:1   | Noticed a cane toad
  7829 | Lair:1   | Killed a cane toad
  8121 | Lair:1   | Noticed a seven-headed hydra
  8127 | Lair:1   | Killed a seven-headed hydra
  8128 | Lair:1   | Reached XP level 11. HP: 28/84 MP: 4/14
  8773 | Lair:2   | Found a staircase to the Shoals.
  8904 | Lair:2   | Reached skill level 5 in Evocations
  9800 | Lair:3   | Noticed an eight-headed hydra
  9808 | Lair:3   | Killed an eight-headed hydra
  9818 | Lair:3   | Reached skill level 10 in Fighting
  9818 | Lair:3   | Noticed Urug
 10128 | Lair:3   | Killed Urug
 10163 | Lair:3   | Noticed a four-headed hydra
 10170 | Lair:3   | Killed a four-headed hydra
 10171 | Lair:3   | Reached skill level 10 in Dodging
 10171 | Lair:3   | Reached skill level 1 in Shields
 10436 | Lair:3   | Reached XP level 12. HP: 81/95 MP: 15/15
 10750 | Lair:3   | Reached ***** piety under Hepliaklqana
 11634 | Lair:4   | Reached skill level 10 in Polearms
 11686 | Lair:4   | Found a transporter.
 11717 | Lair:4   | Found a dark tunnel.
 11728 | Volcano  | Entered a volcano
 11889 | Volcano  | Found a bloodstained altar of Trog.
 12136 | Lair:4   | Reached skill level 5 in Shields
 12188 | Lair:4   | Noticed a death yak
 12281 | Lair:4   | Found a staircase to the Swamp.
 12420 | Lair:4   | Found a transporter.
 12576 | Lair:4   | Noticed a death yak
 12576 | Lair:4   | Noticed a death yak
 12579 | Lair:4   | Noticed a death yak
 12592 | Lair:4   | Killed a death yak
 12602 | Lair:4   | Killed a death yak
 12610 | Lair:4   | Killed a death yak
 12889 | Lair:4   | Killed a death yak
 13466 | Lair:5   | Reached XP level 13. HP: 82/101 MP: 16/16
 13549 | Lair:5   | Found a staircase to the Elven Halls.
 13587 | Lair:5   | Got a coiled brass ring
 14138 | Lair:6   | Entered Level 6 of the Lair of Beasts
 14875 | Lair:6   | Reached skill level 10 in Shields
 15182 | Lair:6   | Reached skill level 1 in Spellcasting
 15333 | Lair:6   | Reached XP level 14. HP: 100/109 MP: 18/18
 16431 | D:9      | Identified the ring of Oxzarim {Fire Dex+3} (You found it
                  | on level 5 of the Lair of Beasts)
 16629 | D:9      | Reached ****** piety under Hepliaklqana
 16829 | D:9      | Found Eluekuz's Food Emporium.
 17647 | D:10     | Entered Level 10 of the Dungeon
 17717 | D:10     | Noticed Fannar
 17737 | D:10     | Killed Fannar
 17888 | D:10     | Found Niusergh's Weapon Shoppe.
 17896 | D:10     | Found Huracel's Gadget Emporium.
 17914 | D:10     | Bought a lamp of fire for 640 gold pieces
 17914 | D:10     | Bought a phial of floods for 640 gold pieces
 18026 | D:10     | Found Teran's Food Boutique.
 18113 | D:10     | Found Jydyge's Antique Armour Shoppe.
 18167 | D:10     | Reached skill level 5 in Spellcasting
 18451 | D:10     | Found a staircase to the Orcish Mines.
 18919 | Orc      | Entered the Orcish Mines
 18951 | Orc      | Found Duzathroi's Jewellery Emporium.
 19152 | Orc      | Found a viscous altar of Jiyva.
 19152 | Orc      | Found a staircase to the Slime Pits.
 19273 | Orc      | Found a roughly hewn altar of Beogh.
 19364 | Orc      | Noticed an orc warlord
 19382 | Orc      | Killed an orc warlord
 19509 | Orc      | Found a roughly hewn altar of Beogh.
 19553 | Orc      | Found a roughly hewn altar of Beogh.
 19573 | Orc      | Found a roughly hewn altar of Beogh.
 19606 | Orc      | Found a roughly hewn altar of Beogh.
 19618 | Orc      | Found Hatot's Magic Scroll Shoppe.
 19626 | Orc      | Bought a scroll of identify for 30 gold pieces
 19626 | Orc      | Bought a scroll of identify for 30 gold pieces
 19784 | Orc      | Found a roughly hewn altar of Beogh.
 19829 | Orc      | Found Pifed's Magic Scroll Boutique.
 19834 | Orc      | Bought a scroll of identify for 24 gold pieces
 19834 | Orc      | Bought a scroll of identify for 24 gold pieces
 19961 | D:10     | Bought a fading medium shield for 342 gold pieces
 19971 | D:10     | Identified the +5 medium shield of the Equator {Str+5
                  | Dex-2} (You bought it in a shop on level 10 of the Dungeon)
 20401 | D:11     | Reached skill level 10 in Evocations
 20919 | D:11     | Reached XP level 15. HP: 118/118 MP: 22/22
 20931 | D:11     | Found a gate to the Vaults.
 21136 | D:12     | Entered Level 12 of the Dungeon
 22050 | D:12     | Found a staircase to the Depths.
 22239 | Orc      | Bought a scroll of identify for 30 gold pieces
 22239 | Orc      | Bought a scroll of identify for 30 gold pieces
 22239 | Orc      | Bought a scroll of identify for 30 gold pieces
 22242 | Orc      | Bought a scroll of enchant weapon for 112 gold pieces
 22242 | Orc      | Bought a scroll of enchant weapon for 112 gold pieces
 22484 | Shoals:1 | Entered Level 1 of the Shoals
 22981 | Shoals:1 | Identified the +7 hand axe of the Wolf {chop, Int+7}
 23159 | Shoals:1 | Noticed Donald
 23182 | Shoals:1 | Killed Donald
 23344 | Shoals:1 | Found Diok's Magic Scroll Shoppe.
 23347 | Shoals:1 | Bought a scroll of identify for 36 gold pieces
 23890 | Shoals:1 | Reached XP level 16. HP: 57/130 MP: 23/23
 24232 | Shoals:2 | Noticed Bai Suzhen
 24402 | Swamp:1  | Entered Level 1 of the Swamp
 26426 | Swamp:2  | Found a frozen archway.
 26435 | IceCv    | Entered an ice cave
 26892 | IceCv    | Noticed an Ice Fiend
 26897 | IceCv    | Killed an Ice Fiend
 28004 | Swamp:3  | Entered Level 3 of the Swamp
 28386 | Swamp:3  | Reached XP level 17. HP: 122/138 MP: 16/24
 28549 | Swamp:3  | Reached skill level 15 in Fighting
 28680 | Swamp:3  | Noticed the 27-headed Lernaean hydra
 28691 | Swamp:3  | Got a decaying rune of Zot
 28725 | Swamp:3  | Killed the 27-headed Lernaean hydra
 29344 | Orc      | Bought the ring of Diorah {MR++ SInv Stlth++} for 549 gold
                  | pieces
 29764 | Shoals:3 | Entered Level 3 of the Shoals
 30085 | Shoals:3 | Noticed Ilsuiw
 30503 | Shoals:3 | Noticed Polyphemus
 30743 | Shoals:3 | Killed Polyphemus
 30952 | Shoals:3 | Identified the +5 mace of Obsession {crush, rPois rF++ rC-
                  | Str+2}
 31023 | Shoals:3 | Reached skill level 10 in Throwing
 31163 | Shoals:3 | Got a barnacled rune of Zot
 31513 | Vaults:1 | Entered Level 1 of the Vaults
 31712 | Vaults:1 | Reached XP level 18. HP: 27/146 MP: 7/25
 31889 | Vaults:1 | Found a staircase to the Crypt.
 32048 | Vaults:1 | Reached skill level 10 in Invocations
 32389 | Vaults:1 | Reached skill level 15 in Dodging
 32549 | Vaults:1 | Found Zaukuc's Antique Armour Boutique.
 33735 | Vaults:1 | Found a runed translucent door.
 33736 | Vaults:1 | Noticed AxeAttX's ghost (adept MiBe)
 34313 | Vaults:2 | Reached XP level 19. HP: 153/153 MP: 27/27
 34637 | Vaults:2 | Found a sparkling altar of Nemelex Xobeh.
 34719 | Vaults:2 | Found Kehyeh's General Store.
 34855 | Vaults:2 | Bought a potion of heal wounds for 115 gold pieces
 34952 | Vaults:2 | Noticed Mara
 35784 | Crypt:1  | Entered Level 1 of the Crypt
 36323 | Depths:1 | Entered Level 1 of the Depths
 36469 | Depths:1 | Reached skill level 15 in Shields
 36631 | D:12     | Learned a level 3 spell: Regeneration
 36645 | Depths:1 | Reached skill level 1 in Necromancy
 37098 | Depths:1 | Found a gateway to Hell.
 37106 | Depths:1 | Reached skill level 5 in Necromancy
 37141 | Depths:1 | Found an ornate altar of the Wu Jian Council.
 37245 | Depths:1 | Reached skill level 1 in Charms
 37387 | Depths:1 | Found a gateway to a ziggurat.
 37562 | Depths:1 | Found a runed door.
 37871 | Depths:2 | Found a sparkling altar of Nemelex Xobeh.
 38241 | Depths:2 | Reached skill level 5 in Charms
 38401 | Depths:2 | Learned a level 1 spell: Infusion
 38451 | Depths:2 | Found a flickering gateway to a bazaar.
 38515 | Bazaar   | Entered a bazaar
 38561 | Bazaar   | Found Sosued's Jewellery Shop.
 38587 | Bazaar   | Found Xeggick's Book Shop.
 38672 | Depths:2 | Identified a scroll of acquirement
 38697 | Depths:1 | Identified the +1 pair of boots of Inquiry {SInv Stlth+}
                  | (You acquired it on level 1 of the Depths)
 38697 | Depths:1 | Identified the ring of the Good {Int+4 Stlth++} (You
                  | acquired it on level 1 of the Depths)
 38698 | Depths:1 | Found the +8 lance "Wyrmbane" {slay drac, rPois rF+ rC+
                  | AC+3}
 39006 | Depths:2 | Found the -2 hat of the Alchemist {rElec rPois rF+ rC+ rN+
                  | MR+ rMut rCorr}
 39107 | Depths:2 | Reached XP level 20. HP: 147/160 MP: 29/32
 39117 | Depths:2 | Learned a level 2 spell: Swiftness
 39371 | Depths:2 | Reached skill level 1 in Air Magic
 40325 | Depths:2 | Identified the amulet "Tumud" {Inacc Stlth+}
 40547 | Depths:3 | Noticed a rockslime
 40564 | Depths:3 | Killed a rockslime
 40757 | Depths:3 | Noticed a rockslime
 40788 | Depths:2 | HP: 7/160 [rockslime (12)]
 40793 | Depths:2 | Annihilated by a rockslime

Skill      XL: |  1  2  3  4  5  6  7  8  9 10 11 12 13 14 15 16 17 18 19 20 |
---------------+-------------------------------------------------------------+-----
Dodging        | 3 5 6 7 10 11 12 14 15 | 15.0
Fighting       | 4 5 6 8 10 12 13 14 15 | 15.0
Stealth        | 3 5 |  5.0
Staves         | 4 5 |  5.0
Polearms       | 1 2 4 5 7 8 9 11 13 | 13.6
Throwing       | 3 5 8 10 | 10.0
Evocations     | 2 4 5 10 11 12 | 12.0
Invocations    | 3 5 9 11 12 | 12.0
Shields        | 1 7 10 11 13 14 15 | 15.0
Spellcasting   | 2 5 8 9 |  9.5
Necromancy     | 5 |  5.0
Charms         | 5 |  5.0
Air Magic      | 4 |  4.4

Action                   |  1- 3 |  4- 6 |  7- 9 | 10-12 | 13-15 | 16-18 | 19-21 || total
-------------------------+-------+-------+-------+-------+-------+-------+-------++-------
Melee: Quarterstaff      |   112 |   178 |     4 |       |       |       |       ||   294
       Tailslap          |    13 |    21 |    26 |   105 |   213 |   189 |   102 ||   669
       Trident           |       |       |    81 |       |       |       |       ||    81
       Demon trident     |       |       |   174 |   544 |  1404 |  1356 |   605 ||  4083
       Lance             |       |       |       |       |       |       |    59 ||    59
Throw: Javelin           |       |    10 |    18 |    19 |     8 |   100 |       ||   155
       Tomahawk          |       |       |    13 |    41 |    93 |   125 |    89 ||   361
 Cast: Infusion          |       |       |       |       |       |       |     2 ||     2
       Regeneration      |       |       |       |       |       |       |     2 ||     2
Invok: Ancestor Life: Ba |       |       |     1 |       |       |       |       ||     1
       Ancestor Identity |       |       |     1 |       |       |       |       ||     1
       Recall Ancestor   |       |       |       |     1 |     1 |     6 |     2 ||    10
       Transference      |       |       |       |       |     1 |     4 |     2 ||     7
 Abil: Breathe Fire      |       |       |     5 |    14 |    22 |     8 |       ||    49
Evoke: Wand              |       |       |     2 |    15 |    12 |    35 |    11 ||    75
       Phial of floods   |       |       |       |       |     4 |     7 |     3 ||    14
       Lamp of fire      |       |       |       |       |     3 |     9 |     2 ||    14
       Lightning rod     |       |       |       |       |       |    14 |     6 ||    20
  Use: Scroll            |       |     2 |     4 |    13 |    22 |    20 |     7 ||    68
       Potion            |       |       |       |       |     4 |    13 |     4 ||    21
 Stab: Sleeping          |    10 |     4 |    19 |    12 |    10 |     6 |     6 ||    67
       Distracted        |       |     1 |     2 |     6 |    19 |    13 |    10 ||    51
       Confused          |       |       |       |       |       |     4 |     2 ||     6
       Invisible         |       |       |       |       |       |     1 |       ||     1
  Eat: Chunk             |     4 |    11 |    21 |    34 |    59 |    41 |    13 ||   183
       Ration            |       |       |     1 |     3 |     1 |     7 |     6 ||    18
Armor: Skin              |    22 |    74 |    64 |    81 |   192 |   197 |    58 ||   688
Dodge: Dodged            |    68 |   159 |   120 |   390 |   697 |   677 |   201 ||  2312
Block: Medium shield     |       |       |       |       |   643 |   603 |   428 ||  1674
       Reflection        |       |       |       |       |     2 |    35 |       ||    37
       Buckler           |       |       |       |       |       |    43 |       ||    43
